[Event "*** Titled Tuesday Blitz"]
[Site "Chess.com"]
[Date "2019.07.02"]
[Round "3"]
[White "marianokar"]
[Black "Oleg_Papayan"]
[Result "1/2-1/2"]
[WhiteElo "2450"]
[BlackElo "2507"]
[TimeControl "180+2"]
[EndTime "13:41:13 PDT"]
[Termination "Game drawn by repetition"]

1. c4 g6 2. g3 c5 3. Bg2 Bg7 4. Nf3 d6 5. O-O e5 6. d3 Nc6 7. Nc3 Nge7 8. Rb1 O-O 9. Ne1 h6 10. Nc2 f5 11. Ne3 Be6 12. Ned5 Qd7 13. f4 Kh7 14. a3 Rae8 15. b4 b6 16. b5 Nd8 17.
Nxe7 Qxe7 18. Nd5 Bxd5 19. Bxd5 Ne6 20. e3 h5 21. Bd2 h4 22. Qf3 Nc7 23. Bc6 Rd8 24.
a4 d5 25. cxd5 e4 26. dxe4 fxe4 27. Qg4 Rf5 28. Rbd1 Nxd5 29. Bc1 Nf6 30. Qh3 c4 31. g4 Rc5 32. Qxh4+ Kg8 33. g5 Nd5 34. Qg4 c3 35. h4 c2 36. Rd2 Nb4 37. Rxd8+ Qxd8 38. Qe6+ Kh8 39. Qxe4 Qd1 40. Qxg6 Nxc6 41. bxc6 Qg4+ 42. Kf2 Rf5 43. Qe8+ Rf8 44. Qd7 Qxh4+ 45. Ke2 Qh5+ 46. Kd3 Qd1+ 47. Ke4 Qxf1 48. Bd2 Qc4+ 49. Kf3 Qf1+ 50. Ke4 Qg2+ 51. Kd3 Qf1+ 52. Ke4 1/2-1/2

[Event "*** Titled Tuesday Blitz"]
[Site "Chess.com"]
[Date "2019.07.02"]
[Round "3"]
[White "yoolund"]
[Black "Misha_Bilous"]
[Result "1-0"]
[WhiteElo "2604"]
[BlackElo "2391"]
[TimeControl "180+2"]
[EndTime "13:41:13 PDT"]
[Termination "yoolund won on time"]

1. d4 Nf6 2. c4 g6 3. Nc3 Bg7 4. e4 d6 5. Nf3 O-O 6. Be2 e5 7. O-O Nc6 8. d5 Ne7 9. Ne1 Nd7 10. Be3 f5 11. f3 f4 12. Bf2 g5 13. g4 Ng6 14. Nd3 Nf6 15. c5 h5 16. h3 Rf7 17.
cxd6 cxd6 18. Kg2 Bf8 19. Rc1 Rh7 20. Rh1 Bd7 21. Qb3 hxg4 22. hxg4 Nh4+ 23. Bxh4 gxh4 24.
Nf2 Rc8 25. Bb5 h3+ 26. Rxh3 Rxh3 27. Nxh3 Bxg4 28. Nf2 Bh5 29. Rh1 Qe7 30. Be2 Rc7 31. Qd1 Qg7+ 32. Kf1 Kf7 33. Ng4 Nxg4 34. fxg4 Bg6 35.
Bf3 Qf6 36. Qe1 Qg5 37. Qf2 b6 38. Ke2 Rc5 39. Kd3 b5 40. b4 Rc4 41. Qxa7+ Be7 42. Nxb5 Rxb4 43. Nxd6+ Kg7 44. Nc8 Rd4+ 45. Kc3 Kf7 46. d6 Qf6 47. Nxe7 1-0

[Event "*** Titled Tuesday Blitz"]
[Site "Chess.com"]
[Date "2019.07.02"]
[Round "3"]
[White "CookiesAndIceCream"]
[Black "Der_Honigdachs"]
[Result "1-0"]
[WhiteElo "2359"]
[BlackElo "2578"]
[TimeControl "180+2"]
[EndTime "13:41:15 PDT"]
[Termination "CookiesAndIceCream won by resignation"]

1. e4 e5 2. Nf3 Nc6 3. Nc3 Nf6 4. Bb5 Bb4 5. O-O O-O 6. d3 d6 7. Ne2 Qe7 8. c3 Ba5 9. Ng3 Nd8 10. d4 c6 11. Bd3 Bc7 12. Re1 Re8 13. h3 Qf8 14.
Bg5 Re6 15. Bc4 d5 16. exd5 cxd5 17. dxe5 dxc4 18. exf6 gxf6 19. Be3 Bxg3 20. fxg3 Nc6 21. Qd5 Ne5 22. Nd4 Rd6 23. Qe4 Be6 24. Rf1 Qg7 25. Qh4 Re8 26. Bh6 Ng6 27. Bxg7 Nxh4 28. Bxf6 Ng6 29. Rae1 Bd7 30. Rxe8+ Bxe8 31. g4 Bd7 32. g5 Rb6 33. Rf2 Ra6 34. a3 Rd6 35. Re2 h6 36. Kf2 Nf4 37. Rd2 Nd3+ 38. Kg3 hxg5 39.
Bxg5 Rg6 40. Kh4 f6 41. Be3 Kf7 42. g4 Ne5 43. Kg3 f5 44. Rf2 Nd3 45. Rf1 Rb6 46. Nxf5 Rxb2 47. Nd6+ Ke7 48. Nxc4 Rb3 49. Bd4 Bc6 50.
Rd1 Nb2 51. Rb1 Bb5 52. Nxb2 Bd3 53. Re1+ Kd7 54. Nxd3 Rxc3 55. Bxc3 1-0

[Event "*** Titled Tuesday Blitz"]
[Site "Chess.com"]
[Date "2019.07.02"]
[Round "3"]
[White "GMKrikor"]
[Black "DanielNaroditsky"]
[Result "0-1"]
[WhiteElo "2727"]
[BlackElo "3022"]
[TimeControl "180+2"]
[EndTime "13:41:18 PDT"]
[Termination "DanielNaroditsky won by resignation"]

1. Nf3 d5 2. g3 g6 3. d4 Bg7 4.
Bg2 Nd7 5. O-O Ngf6 6. c4 dxc4 7. Na3 Nb6 8. Nxc4 Nxc4 9. Qa4+ c6 10. Qxc4 Be6 11. Qc2 Bd5 12. Re1 Be4 13. Qb3 Qb6 14. Bd2 O-O 15. e3 Qxb3 16. axb3 Nd5 17. Rec1 Rfd8 18.
Ne1 Bxg2 19. Kxg2 e5 20. dxe5 Bxe5 21. Rc2 f5 22. Kf3 Nf6 23. Ke2 Ne4 24. Nd3 Bf6 25.
Be1 a6 26. f3 Nd6 27. Nc5 Re8 28. Rd1 Nb5 29. Bc3 Nxc3+ 30. bxc3 Re7 31. c4 Rae8 32.
Rd3 b6 33. Na4 b5 34. Nc5 a5 35. f4 Ra7 36. Kf3 a4 37. bxa4 b4 38. Rb3 Bc3 39.
Ra2 Rae7 40. Re2 Bd4 41. Na6 c5 42. Kf2 Kg7 43. Kf3 h6 44. h3 g5 45. fxg5 hxg5 46.
g4 f4 47. e4 Ra8 48. Nxb4 Rb7 49. Rd2 Rab8 50. e5 Rxb4 51. Rxb4 Rxb4 52. Ke4 Rb3 53. Kf5 f3 54. Rd1 f2 55. Kxg5 Re3 0-1

[Event "*** Titled Tuesday Blitz"]
[Site "Chess.com"]
[Date "2019.07.02"]
[Round "3"]
[White "pulvettd"]
[Black "IMAghasiyevKamal"]
[Result "1-0"]
[WhiteElo "2520"]
[BlackElo "2525"]
[TimeControl "180+2"]
[EndTime "13:41:18 PDT"]
[Termination "pulvettd won by resignation"]

1. d4 Nf6 2. c4 e6 3. Nf3 d5 4. g3 c6 5. Bg2 Be7 6. O-O O-O 7. Nc3 dxc4 8. Ne5 Nd5 9. Nxc4 b6 10. Ne5 Bb7 11. e4 Nxc3 12. bxc3 Nd7 13. Ng4 Qc8 14. Re1 Rd8 15. h4 Nf6 16. Bg5 Qc7 17. Nxf6+ Bxf6 18. Bxf6 gxf6 19. a4 Kh8 20. a5 bxa5 21. Qf3 Kg7 22. Qg4+ Kh8 23. Qf3 Kg7 24. Qg4+ Kh8 25.
Qh5 c5 26. d5 Rg8 27. Qf3 f5 28. c4 f4 29. Qc3+ e5 30. Qxa5 Qd6 31. Ra3 f6 32.
Kh2 Rg7 33. Bh3 Bc8 34. Bxc8 Rxc8 35. Qa6 Qd7 36. Qxf6 Kg8 37. Qxe5 Rg4 38. Qe6+ Qxe6 39. dxe6 Rc7 40. Kh3 h5 41. Rd1 Kf8 42. Rd7 Rxd7 43. exd7 Ke7 44. Rxa7 fxg3 45. fxg3 Rxe4 46. d8=Q+ Kxd8 47. Rh7 Rxc4 48. Rxh5 Ke7 49. Rf5 Rc1 50. h5 c4 51. Kg4 c3 52. Rc5 Kf6 53. h6 Kg6 54. Rc6+ Kh7 55. Kg5 c2 56. Rc7+ Kg8 57. Kg6 Kf8 58.
h7 Rh1 59. Rxc2 Rh3 60. Rc8+ Ke7 61. h8=Q Rxg3+ 62. Kf5 Rf3+ 63. Ke4 1-0

[Event "*** Titled Tuesday Blitz"]
[Site "Chess.com"]
[Date "2019.07.02"]
[Round "3"]
[White "riconaipe"]
[Black "chessdjw"]
[Result "0-1"]
[WhiteElo "2492"]
[BlackElo "2711"]
[TimeControl "180+2"]
[EndTime "13:41:18 PDT"]
[Termination "chessdjw won by resignation"]

1. d4 Nf6 2. c4 e6 3. Nc3 Bb4 4. Nf3 b6 5. Bg5 Bb7 6. Nd2 h6 7. Bh4 d6 8. f3 Nc6 9. e3 Qe7 10.
Bd3 Bxc3 11. bxc3 e5 12. d5 Nb8 13. Ne4 Nbd7 14. Bxf6 Nxf6 15. Nxf6+ Qxf6 16. Qa4+ Ke7 17. Ke2 Rhe8 18. Raf1 Kf8 19. h4 e4 20. fxe4 Qxc3 21.
Rf2 Re7 22. Rhf1 Bc8 23. Rf4 g5 24. hxg5 hxg5 25. R4f3 Bg4 26. Qb3 Qxb3 27. axb3 Kg7 28. Kd2 Bxf3 29. gxf3 a5 30. f4 f6 31. Rg1 Kh6 32.
Rh1+ Kg7 33. Rg1 Rg8 34. fxg5 fxg5 35. Rxg5+ Kf8 36. Rh5 Rg2+ 37. Kc3 Rg3 38. Kd4 Kg7 39. Rf5 Rf7 40. Rh5 Rff3 41. e5 Rxe3 42. Be4 dxe5+ 43.
Rxe5 Kf8 44. Rf5+ Ke7 45. Bc2 Ref3 46. Re5+ Kd6 47. Re6+ Kd7 48. Re5 Rf4+ 49. Be4 Rxb3 50. Rh5 Rf7 51. Bf5+ Ke7 52. Be6 Rg7 53. Bf5 a4 54. c5 Rb4+ 55. Ke5 bxc5 56. Rh6 Rb6 57. Rh8 Ra6 58. Rc8 Ra7 59. Be6 Rg5+ 60. Kf4 Rg7 61. Ke5 a3 62. Bg8 Rg5+ 63. Kf4 Rxg8 64. Rxg8 a2 65. Rg7+ Kd6 66. Rg6+ Kxd5 67. Rg5+ Kc4 0-1

[Event "*** Titled Tuesday Blitz"]
[Site "Chess.com"]
[Date "2019.07.02"]
[Round "3"]
[White "KaterynaLagno"]
[Black "wadsy27"]
[Result "1/2-1/2"]
[WhiteElo "2660"]
[BlackElo "2443"]
[TimeControl "180+2"]
[EndTime "13:41:18 PDT"]
[Termination "Game drawn by agreement"]

1. e4 c5 2. Nf3 e6 3. d4 cxd4 4. Nxd4 Nc6 5. Nc3 Qc7 6. Be3 a6 7. Be2 Nf6 8. O-O Bb4 9. Na4 Be7 10. Nxc6 bxc6 11. Nb6 Rb8 12. Nxc8 Qxc8 13. Bd4 c5 14. Be5 Rb6 15. b3 Nxe4 16. Bxg7 Rg8 17. Be5 Bd6 18.
Bxd6 Rxd6 19. Bd3 Qc6 20. Qf3 f5 21. Rfe1 Kd8 22. Bxe4 fxe4 23. Rxe4 Rd4 24. Rae1 Qd5 25.
c4 Rxe4 26. Qxe4 Qxe4 27. Rxe4 Rg5 28. h4 Rf5 29. f3 Kc7 30. Kf2 Kc6 31. g4 Rf7 32. g5 Rf5 33. Rg4 d5 34. cxd5+ exd5 35. h5 Kd6 36. g6 hxg6 37. hxg6 Rf8 38. Ke3 d4+ 39. Ke4 Ke6 40. f4 Kf6 41. f5 Re8+ 42. Kf4 d3 43. Rg1 d2 44. Rd1 Re2 45. Kf3 Rh2 46.
Ke3 Kxf5 47. Rxd2 Rh3+ 48. Ke2 Kxg6 49. Kd1 Kf5 50. Re2 Rh6 51. Kc2 a5 52. Kc3 Rh4 53. a4 Rb4 54. Re8 c4 55. bxc4 Rxa4 56. c5 Ra1 57.
Kb2 Rh1 58. Kb3 Rc1 59. Rc8 Ke6 60. Ka4 Kd7 61. Rh8 Rxc5 62. Rh7+ Kc6 1/2-1/2

[Event "*** Titled Tuesday Blitz"]
[Site "Chess.com"]
[Date "2019.07.02"]
[Round "3"]
[White "MathiasWomacka"]
[Black "Chesstrainer1"]
[Result "1-0"]
[WhiteElo "2289"]
[BlackElo "2391"]
[TimeControl "180+2"]
[EndTime "13:41:18 PDT"]
[Termination "MathiasWomacka won by resignation"]

1. e4 c6 2. d4 d5 3. Nd2 dxe4 4.
Nxe4 Bf5 5. Ng3 Bg6 6. h4 h6 7.
Nf3 Nd7 8. h5 Bh7 9. Bd3 Bxd3 10. Qxd3 e6 11. Bd2 Ngf6 12. O-O-O Be7 13. Kb1 Qb6 14. Rhe1 O-O 15. Nf5 exf5 16. Rxe7 Qd8 17. Qa3 Ne4 18. Nh4 Nb6 19. Nxf5 Nc4 20. Qh3 Ncxd2+ 21. Ka1 Qa5 22. Qg4 Ng5 23. f4 Rad8 24. fxg5 Rd5 25. a3 Rxf5 26. gxh6 Rg5 27. Qe2 gxh6 28. Qxd2 Qxd2 29. Rxd2 Rb8 30. Rf2 Rg7 31. Rf6 Kf8 32.
Rc7 a5 33. Rxh6 Rxg2 34. Rh8+ Rg8 35. Rxg8+ Kxg8 36. b4 axb4 37. axb4 Rd8 38. c3 Rd5 39. Rxb7 Rxh5 40. Rb6 Rh6 41. Kb2 f5 42. Kc2 Kg7 43. Kd3 Rh3+ 44. Kc4 Rh6 45. Kc5 Rh3 46. c4 f4 47. Rxc6 f3 48. Ra6 Rh5+ 49. d5 f2 50. Ra1 Rf5 51. Rf1 Kf6 52. b5 Ke5 53. b6 Ke4 54. b7 Rf8 55. Rxf2 1-0

[Event "*** Titled Tuesday Blitz"]
[Site "Chess.com"]
[Date "2019.07.02"]
[Round "3"]
[White "petrpalachev"]
[Black "Lunaticx"]
[Result "0-1"]
[WhiteElo "2773"]
[BlackElo "2870"]
[TimeControl "180+2"]
[EndTime "13:41:21 PDT"]
[Termination "Lunaticx won by resignation"]

1. d4 Nf6 2. c4 e6 3. Nf3 Bb4+ 4. Nbd2 d5 5. Qa4+ Nc6 6. e3 O-O 7. a3 Be7 8. Be2 Re8 9. O-O Bf8 10. Rd1 a5 11. Qc2 a4 12. e4 Nh5 13. g3 g6 14.
e5 Ng7 15. Nf1 dxc4 16. Bxc4 Bd7 17. Ne3 Na5 18. Ba2 Nb3 19. Bxb3 axb3 20. Qc3 Bc6 21. Ng4 Be7 22. h4 Qd5 23. Rd3 Bb5 24. Re3 Qc4 25.
Nh6+ Kf8 26. Bd2 c5 27. Ng5 Bxg5 28. hxg5 Qxc3 29. Bxc3 Nf5 30. Nxf5 gxf5 31. dxc5 Bc6 32. Rd3 Bd5 33. f3 Kg7 34. Kf2 h6 35. Bd2 h5 36. Rh1 Kg6 37. Rh4 Rec8 38. Bb4 b6 39. cxb6 Rab8 40. Be7 Rc2+ 41. Ke3 Rxb2 42. g4 fxg4 43.
fxg4 hxg4 44. Rh6+ Kf5 45. Rxd5 Re2+ 46. Kxe2 exd5 47.
Rf6+ Ke4 48. Bc5 g3 49. Rf1 Rc8 50. Bd6 Rc2+ 51. Kd1 g2 52. Rg1 Kd3 53. b7 b2 0-1

[Event "*** Titled Tuesday Blitz"]
[Site "Chess.com"]
[Date "2019.07.02"]
[Round "3"]
[White "bascheyaro"]
[Black "AlexanderKing"]
[Result "1-0"]
[WhiteElo "2757"]
[BlackElo "2523"]
[TimeControl "180+2"]
[EndTime "13:41:27 PDT"]
[Termination "bascheyaro won on time"]

1. d4 d5 2. c4 e6 3. Nc3 c5 4. cxd5 exd5 5. Nf3 Nc6 6. Bg5 Be7 7. Bxe7 Ngxe7 8. e3 c4 9. Be2 O-O 10. O-O b5 11. Nxb5 Rb8 12. Qa4 Qb6 13. Nd6 Bg4 14.
b3 cxb3 15. axb3 Qxb3 16. Qxb3 Rxb3 17. Rfc1 Rd8 18. Nb5 a5 19. Nc3 g6 20. Nd2 Rxc3 21. Bxg4 Rxc1+ 22. Rxc1 Rb8 23. g3 Rb2 24. Nb1 Nb4 25.
Nc3 Nd3 26. Rf1 Rc2 27. Na4 h5 28. Bd7 Kf8 29. h4 Nb4 30. Ra1 Ra2 31. Rb1 Ra3 32.
Nb6 Ra2 33. Rc1 Nd3 34. Rf1 Nb4 35. Bb5 Rb2 36. Nd7+ Kg7 37. Nc5 Nf5 38. Bd7 Nd6 39. Ra1 Nc4 40. Bb5 Ra2 41. Rc1 Nb2 42. Nb3 a4 43.
Nc5 a3 44. Kg2 Kf6 45. Kf3 Ke7 46. Kf4 Nc4 47. f3 Rf2 48. Bxc4 dxc4 49. Rxc4 a2 50. Nb3 Nc2 51. Ra4 Ne1 52. Ra7+ Kf8 53. Nc5 Nxf3 54.
Ke4 Nd2+ 55. Ke5 Nc4+ 56. Ke4 Rc2 57. Kd3 Rc1 58. Rxa2 Nd6 59. Ra8+ Kg7 60. Ra7 Nf5 61. Ne6+ Kf6 62. Ng5 1-0

[Event "*** Titled Tuesday Blitz"]
[Site "Chess.com"]
[Date "2019.07.02"]
[Round "3"]
[White "hermionegrangermagic"]
[Black "Qvalda"]
[Result "1-0"]
[WhiteElo "2341"]
[BlackElo "2501"]
[TimeControl "180+2"]
[EndTime "13:41:30 PDT"]
[Termination "hermionegrangermagic won by resignation"]

1. e4 c5 2. Nf3 g6 3. d4 cxd4 4.
Nxd4 Nc6 5. Nc3 Bg7 6. Be3 Nf6 7. Bc4 O-O 8. Bb3 d6 9. f3 Bd7 10. Qd2 Nxd4 11. Bxd4 b5 12. a4 bxa4 13. Bxa4 Bxa4 14. Rxa4 Qd7 15. O-O Rfb8 16. b3 Rb7 17. Rfa1 Nh5 18.
Bxg7 Nxg7 19. Qd4 Ne6 20. Qe3 Rc8 21. Nd5 Rxc2 22. Rxa7 Rc1+ 23. Rxc1 Rxa7 24. b4 Kg7 25. h4 f6 26. b5 Ra2 27. b6 Nc5 28. e5 Qe6 29. exf6+ exf6 30. Qxe6 Nxe6 31. Rc6 Rb2 32. Rxd6 Nd4 33. Rd7+ Kh6 34. Nxf6 Ne2+ 35. Kh2 g5 36. h5 g4 37. Nxg4+ Kxh5 38. Rxh7+ Kg5 39. Rg7+ Kf4 40. b7 Nd4 41. Rf7+ Kg5 42. Ne3 Ne6 43. Kg3 Rb3 44. Nd5 Kg6 45. Rd7 Ng7 46. Ne7+ Kf6 47. Nc6 Nf5+ 48. Kh2 Ke6 49. b8=Q Rxb8 50. Nxb8 Ne3 51. Rd3 Nf5 52. Nc6 Kf6 53. Nd4 Nh4 54. Kg3 Ng6 55.
Ra3 Ke5 56. Ne2 1-0

[Event "*** Titled Tuesday Blitz"]
[Site "Chess.com"]
[Date "2019.07.02"]
[Round "3"]
[White "2nd_life"]
[Black "NeverEverForever1990"]
[Result "1-0"]
[WhiteElo "2478"]
[BlackElo "2441"]
[TimeControl "180+2"]
[EndTime "13:41:31 PDT"]
[Termination "2nd_life won by checkmate"]

1. e4 c5 2. Nf3 d6 3. d4 cxd4 4. Nxd4 Nf6 5. Nc3 a6 6. Be3 e5 7. Nb3 Be6 8. Qd2 Nbd7 9. f3 h5 10. Be2 Be7 11. Nd5 Nxd5 12. exd5 Bf5 13. Na5 Qc7 14.
c4 Bd8 15. b4 Rc8 16. O-O Qb8 17. Nb3 b6 18. Rac1 Bg6 19. c5 bxc5 20. bxc5 dxc5 21.
Bxa6 Rc7 22. Bc4 O-O 23. Na5 Qa8 24. Nc6 Nb8 25. Nxe5 Bf5 26. d6 Ra7 27. Bxc5 Ra5 28. Bd4 Bf6 29. Nxf7 Rxf7 30. Bxf6 gxf6 31. Qh6 Nd7 32.
Qxh5 Ne5 33. Bxf7+ Nxf7 34. Kh1 Bd3 35. Qg4+ Kh7 36.
Qh4+ Kg7 37. Rfd1 Bg6 38. d7 Rh5 39. Qg3 Rg5 40. Qf4 Qxa2 41. Rd2 Qa3 42. Rcd1 Rf5 43.
Qc7 Rc5 44. d8=Q Rxc7 45. Qxc7 Qe3 46. Qg3 f5 47. Qf2 Qg5 48. Qd4+ Kh7 49. Re2 Bh5 50. Rde1 f4 51. Re7 Qg6 52. Qxf4 Kg7 53. Rxf7+ Qxf7 54. Qxf7+ Bxf7 55. g4 Kf6 56. Kg2 Bd5 57. Kg3 Kg5 58.
h4+ Kf6 59. h5 Kg5 60. f4+ Kf6 61. g5+ Kf7 62. f5 Bc4 63. h6 Bb3 64. Kf4 Ba2 65.
g6+ Kf6 66. h7 Bg8 67. h8=Q# 1-0

[Event "*** Titled Tuesday Blitz"]
[Site "Chess.com"]
[Date "2019.07.02"]
[Round "3"]
[White "Hrant_ChessMood"]
[Black "Kubas1010"]
[Result "1-0"]
[WhiteElo "2953"]
[BlackElo "2617"]
[TimeControl "180+2"]
[EndTime "13:41:34 PDT"]
[Termination "Hrant_ChessMood won by resignation"]

1. e4 e5 2. Nf3 Nc6 3. Bb5 a6 4.
Ba4 Nf6 5. O-O Be7 6. Re1 b5 7.
Bb3 d6 8. c3 O-O 9. h3 Re8 10.
d4 Bb7 11. Nbd2 Bf8 12. a3 h6 13. Bc2 Nb8 14. b4 Nbd7 15. Bb2 c5 16. bxc5 exd4 17.
c6 dxc3 18. cxd7 cxd2 19. dxe8=Q dxe1=Q+ 20. Qxe1 Nxe8 21. Rd1 Qc7 22. Bb3 Be7 23. e5 Bxf3 24.
gxf3 dxe5 25. Bxe5 Bd6 26. Qe4 Rd8 27. Qf5 Qe7 28. f4 Qd7 29. Qh5 Qe7 30. Rd3 Nf6 31. Qf5 Bxa3 32. Rg3 Kh8 33. Bc2 Qe6 34. Bxf6 Qxf5 35. Bxg7+ Kg8 36. Bxf5 Be7 37. Bxh6+ Kh8 38. Bg7+ Kg8 39. h4 Bxh4 40. Rg4 Be7 41. Bh6+ Kh8 42. Bg7+ Kg8 43. Kg2 a5 44. Bc3+ Kf8 45. Bxa5 Rd5 46. Be4 Rd4 47. Kf3 Bd6 48. Bb6 Ra4 49. Rh4 Ke7 50.
Rh5 b4 51. Rb5 Ra3+ 52. Be3 Rc3 53. Bd5 Bc7 54. Rxb4 Bd6 55. Rb7+ Rc7 56. Rxc7+ Bxc7 57. Ke4 Kf6 58. Bd4+ Ke7 59. Be5 Bb6 60. f3 f6 61.
Bd4 Bc7 62. Kf5 1-0

[Event "*** Titled Tuesday Blitz"]
[Site "Chess.com"]
[Date "2019.07.02"]
[Round "3"]
[White "Etoilegeniale"]
[Black "KL31"]
[Result "1-0"]
[WhiteElo "2452"]
[BlackElo "2241"]
[TimeControl "180+2"]
[EndTime "13:41:34 PDT"]
[Termination "Etoilegeniale won by resignation"]

1. e4 e6 2. d4 d5 3. exd5 exd5 4. Nf3 Nf6 5. Bd3 Bd6 6. c4 dxc4 7. Qe2+ Be7 8.
Bxc4 O-O 9. O-O Nbd7 10. Nc3 Nb6 11. Bb3 Bg4 12. Be3 c6 13. h3 Bh5 14. g4 Bg6 15. Ne5 Nfd5 16. Qf3 Bf6 17. Nxg6 hxg6 18. Ne4 Re8 19. Rae1 Qe7 20. Bc2 Nc4 21. g5 Ncxe3 22. gxf6 gxf6 23. fxe3 f5 24. Ng3 Qg5 25. e4 Nb4 26.
Bb3 f4 27. Qxf4 Qxf4 28. Rxf4 Nd3 29. Bxf7+ Kg7 30. Bxe8 Nxf4 31. Bd7 Rd8 32. Bg4 Rxd4 33. e5 Kf8 34. Ne4 Nd3 35. Rf1+ Ke7 36. Ng5 Nxe5 37. Re1 Kf6 38. Ne4+ Kg7 39. Kg2 a5 40.
Re2 a4 41. a3 Nd3 42. Kg3 Rc4 43. Ng5 Nc5 44. h4 Kf8 45. Ne6+ Nxe6 46. Bxe6 Rc1 47.
Bc8 b5 48. Bd7 Kf7 49. Kg4 Rg1+ 50. Kf4 Rh1 51. Bxc6 Rxh4+ 52. Ke5 b4 53. Kd6 bxa3 54. bxa3 Rh3 55. Ra2 Rh4 56. Kc5 g5 57. Bd5+ Kf6 58. Rf2+ Ke5 59. Re2+ Kf4 60. Re4+ Kg3 61. Rxh4 Kxh4 62.
Kb4 g4 63. Kxa4 g3 64. Kb5 1-0

[Event "*** Titled Tuesday Blitz"]
[Site "Chess.com"]
[Date "2019.07.02"]
[Round "3"]
[White "AndrewMaco"]
[Black "ChessWarrior7197"]
[Result "0-1"]
[WhiteElo "2585"]
[BlackElo "2835"]
[TimeControl "180+2"]
[EndTime "13:41:35 PDT"]
[Termination "ChessWarrior7197 won on time"]

1. e4 c5 2. Nf3 Nc6 3. Bb5 g6 4. Bxc6 dxc6 5. d3 Bg7 6. h3 e5 7. Be3 Qe7 8. Nbd2 Nf6 9. O-O Nd7 10. a3 h6 11. b4 O-O 12. Nc4 cxb4 13. axb4 Qxb4 14. Qb1 Qe7 15. Bxa7 b5 16. Nb6 Nxb6 17. Bxb6 Rxa1 18. Qxa1 f5 19. Qc3 Qe6 20. exf5 Rxf5 21. Nd2 e4 22. Bd4 Bxd4 23. Qxd4 exd3 24. Qxd3 Rd5 25.
Qc3 c5 26. Nf3 b4 27. Qa1 Rd8 28. Re1 Qd6 29. Qa7 Bf5 30. Re7 Rd7 31. Rxd7 Bxd7 32. Qa8+ Kf7 33. Qh8 Bf5 34. Qxh6 Bxc2 35. Ng5+ Ke8 36.
Qh8+ Kd7 37. Qg7+ Kc6 38. Nf3 b3 39. Ne5+ Kd5 40. Nf3 Kc4 41. Qg8+ Kb4 42. Qg7 c4 43. Nd4 Bd3 44. Qb7+ Kc5 45. Qa7+ Kd5 46. Nf3 Qc6 47. Qf7+ Kc5 48. Qf8+ Qd6 49. Qg7 Kb4 50.
Qb7+ Ka3 51. Qa7+ Kb2 52. Nd4 c3 0-1

[Event "*** Titled Tuesday Blitz"]
[Site "Chess.com"]
[Date "2019.07.02"]
[Round "3"]
[White "DryCounty"]
[Black "David_Paravyan"]
[Result "1-0"]
[WhiteElo "2711"]
[BlackElo "2854"]
[TimeControl "180+2"]
[EndTime "13:41:37 PDT"]
[Termination "DryCounty won by resignation"]

1. e4 c5 2. Nf3 Nc6 3. d4 cxd4 4.
Nxd4 g6 5. c4 Nf6 6. Nc3 d6 7.
f3 Nxd4 8. Qxd4 Bg7 9. Be3 O-O 10.
Qd2 a5 11. Na4 Nd7 12. Rc1 Nc5 13. Nc3 a4 14. Be2 Qa5 15. O-O Be6 16. Rfd1 Rfc8 17.
Nb5 Bd7 18. Qxa5 Rxa5 19. Rc2 h5 20. Rdc1 Kh7 21. Bg5 Bh6 22. Bxe7 Be3+ 23. Kf1 Bxc1 24. Rxc1 Nxe4 25. Nd4 Re5 26. Bh4 g5 27. Be1 Nf6 28.
Bg3 b5 29. Bxe5 dxe5 30. Nc2 bxc4 31. Ne3 a3 32. bxa3 c3 33. Nc4 e4 34. Rxc3 Nd5 35.
Rb3 Nf4 36. Nb6 Rc1+ 37. Kf2 Be6 38. Rb4 exf3 39. Bxf3 Nd3+ 40. Ke3 Nxb4 41. axb4 Bxa2 42. Bxh5 Rc2 43. Bf3 Rb2 44. Nd5 Kg7 45. Nc3 Be6 46. b5 Bd7 47. Bc6 Bc8 48. Kd4 f5 49. Nd5 f4 50. Ne7 Be6 51. Kc5 Kf6 52. Nd5+ Ke5 53. Nb4 g4 54. Nd3+ Kf5 55. Nxb2 Bc8 56. Nd3 Kg5 57.
b6 g3 58. hxg3 fxg3 59. b7 1-0

[Event "*** Titled Tuesday Blitz"]
[Site "Chess.com"]
[Date "2019.07.02"]
[Round "3"]
[White "severomorskij"]
[Black "Blitzstream"]
[Result "1/2-1/2"]
[WhiteElo "2849"]
[BlackElo "2786"]
[TimeControl "180+2"]
[EndTime "13:41:41 PDT"]
[Termination "Game drawn by repetition"]

1. d4 d5 2. c4 c6 3. Nc3 Nf6 4. Nf3 e6 5. Bg5 h6 6. Bh4 dxc4 7. e4 g5 8. Bg3 b5 9. Be2 Bb7 10. Qc2 Nbd7 11. Rd1 Qb6 12. h4 Rg8 13. hxg5 hxg5 14.
O-O Be7 15. b3 cxb3 16. axb3 a6 17. Rfe1 Nh5 18. Bh2 Nf4 19. Bf1 O-O-O 20. d5 Bc5 21. dxe6 fxe6 22. e5 g4 23. Bxf4 gxf3 24. g3 Rdf8 25. Qd2 Bxf2+ 26. Qxf2 Rxf4 27. Ne4 Qxf2+ 28. Kxf2 Rxe4 29. Rxe4 c5 30. Re3 Bd5 31. Rb1 Rg5 32. Rbe1 Kc7 33. Bh3 Kc6 34. g4 a5 35. Kg3 Rg7 36. Ra1 Kb6 37. Bf1 Nb8 38. Bd3 Nc6 39. Be4 Bxe4 40. Rxe4 Nd4 41. Kf4 Rf7+ 42. Kg5 Nxb3 43.
Rh1 f2 44. Rf4 Rg7+ 45. Kf6 Rg8 46. Kxe6 a4 47. Rxf2 a3 48. Kf7 Rc8 49. e6 b4 50.
e7 Nd4 51. Rfh2 b3 52. Rh8 Rc7 53. Kf6 Rxe7 54. Kxe7 a2 55. g5 Nc6+ 56. Kd6 b2 57. Rc8 b1=Q 58. Rxc6+ Kb7 59. Rc7+ Kb6 60. Rc6+ Kb7 61.
Rc7+ Kb6 62. Rc6+ 1/2-1/2

[Event "*** Titled Tuesday Blitz"]
[Site "Chess.com"]
[Date "2019.07.02"]
[Round "3"]
[White "Doraemon7"]
[Black "GelmanAlexander"]
[Result "1-0"]
[WhiteElo "2586"]
[BlackElo "2571"]
[TimeControl "180+2"]
[EndTime "13:41:42 PDT"]
[Termination "Doraemon7 won by resignation"]

1. Nf3 c5 2. c4 e6 3. g3 Nf6 4. Bg2 Be7 5. O-O O-O 6. Nc3 d6 7. e4 a6 8. d4 cxd4 9. Nxd4 Qc7 10. Be3 Nbd7 11. Rc1 Ne5 12. b3 Neg4 13. Bg5 h6 14.
Bd2 Qb6 15. Nde2 Bd7 16. h3 Ne5 17. Be3 Qc7 18. f4 Ng6 19. Qe1 Rac8 20. Qf2 Qb8 21.
Ba7 Qc7 22. Bb6 Qb8 23. Rfd1 Bc6 24. Nd4 Bd7 25. a4 h5 26. a5 Rfe8 27. Nde2 Bc6 28. Nd4 Bd7 29. Nde2 Bc6 30. b4 Bd7 31. c5 dxc5 32.
bxc5 Bc6 33. Nd4 h4 34. Nxc6 bxc6 35. Qe3 hxg3 36. e5 Nd5 37. Nxd5 exd5 38. Qxg3 Nh4 39.
Qg4 g6 40. Bf1 Rcd8 41. Bxa6 Nf5 42. Rd3 Qa8 43. Bb5 cxb5 44. c6 Rc8 45. c7 d4 46.
Qg2 Qa6 47. Qc6 b4 48. Qc4 Qb7 49. Qc6 Qa6 50. Qc4 Qxc4 51. Rxc4 Ra8 52. a6 Rec8 53. a7 Kf8 54. Kg2 Ke8 55. Kf3 Kd7 56. Ke4 Bf8 57.
h4 b3 58. Rxb3 Nxh4 59. Rxd4+ Ke6 60. Rc3 Nf5 61. Rc6+ Ke7 62. Rd8 Rxc7 63. Rxa8 Rxc6 64. Re8+ Kxe8 65. a8=Q+ Kd7 66. Qb7+ 1-0

[Event "*** Titled Tuesday Blitz"]
[Site "Chess.com"]
[Date "2019.07.02"]
[Round "3"]
[White "WorldChampionBulletChess"]
[Black "Grootneus"]
[Result "0-1"]
[WhiteElo "2106"]
[BlackElo "2164"]
[TimeControl "180+2"]
[EndTime "13:41:43 PDT"]
[Termination "Grootneus won by resignation"]

1. d4 Nf6 2. c3 d5 3. b4 Bf5 4. Bf4 Nbd7 5. a4 a5 6. Na3 axb4 7. cxb4 e5 8. dxe5 Bxb4+ 9. Bd2 Bxd2+ 10. Qxd2 Nxe5 11. Nf3 Nxf3+ 12. exf3 O-O 13. Be2 Rxa4 14. O-O Qa8 15. Qc3 c6 16. g4 Bg6 17. h4 h5 18.
Bd1 hxg4 19. Bxa4 Qxa4 20. fxg4 Qxg4+ 21. Qg3 Qh5 22. f3 Qh6 23. Nb1 Nh5 24. Qg5 Qxg5+ 25. hxg5 Nf4 26. Nd2 c5 27. Ra7 Rb8 28. Nb3 c4 29. Nd4 Kf8 30. Rfa1 b5 31. Nc6 Re8 32. Ra8 Nd3 33. R8a5 Rc8 34. Ra8 Re8 35. R8a5 c3 36. Rxb5 c2 37. Rxd5 c1=Q+ 38. Rxc1 Nxc1 39. Ne5 Bf5 40.
Nc4 Be6 41. Rc5 Bxc4 42. Rxc4 Nd3 43. g6 fxg6 44. Rd4 Ne5 45. Kf2 Kf7 46. Rf4+ Ke6 47. Re4 Kf5 48. Kg3 Ra8 49. Rf4+ Kg5 50. Rb4 Ra3 51.
Rb5 Rxf3+ 52. Kg2 Kf4 53. Rxe5 Kxe5 54. Kxf3 Kf5 55. Kg3 Kg5 56. Kf3 Kh4 57. Kg2 Kg4 58. Kh2 Kf3 59. Kh3 g5 60. Kh2 g4 61. Kh1 g3 62.
Kg1 g2 63. Kh2 Kf2 64. Kh3 g1=Q 0-1

[Event "*** Titled Tuesday Blitz"]
[Site "Chess.com"]
[Date "2019.07.02"]
[Round "3"]
[White "FMJoseHerrera"]
[Black "Benjoneliere44"]
[Result "0-1"]
[WhiteElo "2645"]
[BlackElo "2443"]
[TimeControl "180+2"]
[EndTime "13:41:46 PDT"]
[Termination "Benjoneliere44 won on time"]

1. Nf3 d5 2. g3 c6 3. Bg2 Bg4 4. d3 Nd7 5. O-O e6 6. c3 h5 7.
Qb3 Nc5 8. Qc2 Bxf3 9. exf3 h4 10. d4 Nd7 11. f4 g6 12. Nd2 hxg3 13. fxg3 Ne7 14. Nf3 Bg7 15. Ng5 Qb6 16. Be3 Rf8 17.
Bf2 Nf6 18. h3 Nf5 19. b4 Nd6 20. a4 Qc7 21. Rfe1 O-O-O 22. b5 Bh6 23. bxc6 Qxc6 24. Nf3 Nfe4 25. Ne5 Qc7 26. Bxe4 Nxe4 27. Rxe4 dxe4 28. Qxe4 Bg7 29. Nd3 Qc6 30. Qe2 f6 31. Rb1 e5 32.
Nc5 exd4 33. cxd4 Rfe8 34. Qc2 b6 35. Qxg6 Re7 36. Qf5+ Kb8 37. a5 Qd5 38. Qc2 Rd6 39.
axb6 Rxb6 40. Rc1 Re8 41. Qg6 Re7 42. Qh7 Qd8 43. Qf5 Qc8 44. Qd3 Rc7 45. g4 Bf8 46.
f5 Bxc5 47. dxc5 Rbb7 48. Bg3 Ka8 49. Bxc7 Qxc7 50. Qd5 a6 51. c6 Qg3+ 52. Qg2 Qe3+ 53. Kh2 Qf4+ 54. Kg1 Qxc1+ 55. Qf1 Qxf1+ 56. Kxf1 Rc7 57.
h4 Rxc6 58. h5 a5 59. h6 a4 60. g5 fxg5 61. h7 Rc8 0-1